 Dungeon Crawl Stone Soup version 0.31-a0-1529-g7bd419a0e5 (webtiles) character file.

Game seed: 16923950078820853424

1497 lcaldwell the Grappler (level 8, -10/74 (79) HPs)
             Began as a Troll Berserker on Dec 31, 2023.
             Was a Priest of Trog.
             Killed by an exploding jelly (40 damage)
             ... ignited by their inner flame
             ... on level 6 of the Dungeon.
             The game lasted 00:29:36 (5822 turns).

lcaldwell the Grappler (Troll Berserker)            Turns: 5822, Time: 00:29:39

HP:   -10/74 (79)   AC:  6    Str: 28    XL:     8   Next: 51%
MP:   7/7           EV: 10    Int:  3    God:    Trog [***...]
Gold: 217           SH:  0    Dex:  9    Spells: 7/7 levels left

rFire   . .          .
                       - Unarmed
rCold   . . .        (no shield)
rNeg    + . .        n - +2 robe {rN+}
rPois   .            (helmet restricted)
rElec   .            (no cloak)
rCorr   .            (gloves unavailable)
SInv    .            (boots unavailable)
Will    .....        e - amulet of regeneration
Stlth   +            (no ring)
HPRegen 1.92/turn    (no ring)
MPRegen 0.10/turn

%: no passive effects
@: marked, on berserk cooldown, slowed, drained, very slow
A: large, unfitting armour, claws 3, regeneration 1, shaggy fur 1, tough skin 1
a: Renounce Religion, Berserk, Trog's Hand


You were on level 6 of the Dungeon.
You worshipped Trog.
Trog was most pleased with you.
You visited 1 branch of the dungeon, and saw 6 of its levels.

You collected 235 gold pieces.
You spent 18 gold pieces at shops.

Inventory:

Hand Weapons
 i - a +0 scythe of freezing
Missiles
 h - a throwing net
Armour
 b - a +2 animal skin
 n - a +2 robe of positive energy (worn)
Jewellery
 e - an amulet of regeneration (around neck)
Wands
 j - a wand of flame (3)
 l - a wand of charming (9)
Scrolls
 c - a scroll of immolation
 d - 4 scrolls of identify
 f - a scroll of revelation (quivered)
 g - a scroll of poison
Potions
 a - a potion of berserk rage
 m - a potion of haste


   Skills:
 * Level 4.3 Fighting
 - Level 3.1 Maces & Flails
 + Level 4.6 Dodging
 - Level 0.2 Stealth
 + Level 8.1 Unarmed Combat


You had 7 spell levels left.
You didn't know any spells.
Your spell library was empty.

Dungeon Overview and Level Annotations

Branches:
Dungeon (6/15)
 Temple: D:4-7

Altars:
Gozag
Sif Muna

Shops:
D:4 *   D:5 *


Innate Abilities, Weirdness & Mutations

You are too large for most types of armour.
You have claws for hands.
Your natural rate of healing is unusually fast.
You are covered in fur. (AC +1)
You have tough skin. (AC +1)


Message History

You feel yourself slow down.
You claw the wight! Your claw misses the wight.
The wight is almost destroyed.
An adder comes into view.
The wight hits you with a +1 war axe!
The wight hits you from afar with a +0 spear.
You partially resist.
You feel drained.
You barely miss the wight.
The wight is almost destroyed.
The wight hits you with a +1 war axe! You partially resist.
You feel drained. The wight barely misses you.
An orc wizard comes into view. It is wielding a +0 dagger.
The wight barely misses you.
You feel better.
An orc comes into view. It is wielding a +0 short sword.
The wight barely misses you.
You completely miss the wight. You claw the wight.
You destroy the wight!
Trog accepts your kill.
An orc wizard comes into view. It is wielding a +0 dagger.
The wight hits you with a +1 war axe of freezing!
The wight freezes you. The jelly closely misses you.
An adder comes into view.
An orc priest comes into view. It is wielding a +0 flail.
As you read the scroll of immolation, it crumbles to dust.
The creatures around you are filled with an inner flame!
The wight closely misses you. x2
A bombardier beetle comes into view.
The jelly hits you but does no damage.
An orc comes into view. It is wielding a +0 falchion.
The wight hits you from afar with a +1 trident.
The wight barely misses you.
You claw the jelly!
Flame seeps out of the jelly.
Your claws burn!
The jelly is almost dead.
The jelly is engulfed in blazing flames.
Trog accepts your kill.
The jelly explodes!
The fiery explosion engulfs you!!!
Ouch! That really hurt!
You die...

..................
#.............$..
#.(........o.....
#.......=.[..# ..
#...ooB.## ###.
##.......#.. ...
##o.........
#.#S##zSo..##.o..
#...@○zzo..<# ..#
......##z#o....#
.# .#... #.#.....#
# ### #...#.....
..#..#.....#
#..#......###
#......#.##
.........


You could see a bombardier beetle, 4 wights, 2 orc priests, 3 orc wizards, 2
adders and 2 orcs.

Vanquished Creatures
  Prince Ribbit (D:5)
  Sigmund (D:5)
  The ghost of Dirian the Chopper, an amateur MiFi (D:4)
  A wyvern (D:4)
  A wight (D:6)
  A howler monkey (D:5)
  3 bombardier beetles
  A hound (D:5)
  3 jellies
  7 orc priests
  Crazy Yiuf (D:5)
  Jessica (D:2)
  8 orc wizards
  5 adders
  2 ribbon worms
  11 orcs
  11 bats
  9 endoplasms
  4 goblins
  5 hobgoblins
  8 jackals
  3 quokkas
  6 ball pythons
  3 frilled lizards
  4 kobolds
  3 rats
104 creatures vanquished.

Notes
Turn   | Place    | Note
-------+----------+-------------------------------------------
     0 | D:1      | lcaldwell the Troll Berserker began the quest for the Orb.
     0 | D:1      | Reached XP level 1. HP: 22/22 MP: 0/0
   390 | D:1      | Reached XP level 2. HP: 28/29 MP: 1/1
  1287 | D:2      | Reached XP level 3. HP: 36/36 MP: 2/2
  1520 | D:2      | Reached ** piety under Trog
  2025 | D:2      | Reached skill level 1 in Unarmed Combat
  2092 | D:2      | Noticed Jessica
  2100 | D:2      | Killed Jessica
  2101 | D:2      | Reached XP level 4. HP: 44/44 MP: 3/3
  2901 | D:3      | Reached skill level 2 in Unarmed Combat
  2901 | D:3      | Reached XP level 5. HP: 53/53 MP: 4/4
  3608 | D:4      | Reached skill level 3 in Unarmed Combat
  3878 | D:4      | Found Umipra Futynn's Elemental Accessories.
  3995 | D:4      | Found a shimmering blue altar of Sif Muna.
  4014 | D:4      | Reached XP level 6. HP: 50/61 MP: 5/5
  4108 | D:4      | Reached skill level 4 in Unarmed Combat
  4628 | D:4      | Found a runed translucent gate.
  4628 | D:4      | Found a runed translucent gate.
  4628 | D:4      | Found a runed translucent gate.
  4630 | D:4      | Found an opulent altar of Gozag.
  4633 | D:4      | Noticed a wyvern
  4634 | D:4      | Noticed Dirian's ghost (amateur MiFi)
  4638 | D:4      | Killed a wyvern
  4639 | D:4      | Reached skill level 5 in Unarmed Combat
  4639 | D:4      | Reached XP level 7. HP: 67/67 MP: 6/6
  4646 | D:4      | Killed Dirian's ghost
  4651 | D:4      | Reached *** piety under Trog
  4900 | D:5      | Entered Level 5 of the Dungeon
  4914 | D:5      | Reached skill level 6 in Unarmed Combat
  4939 | D:5      | Identified the +1 robe of Yxkaxtom {Archmagi}
  5010 | D:5      | Found Zaanif's CLEARANCE SALE!.
  5026 | D:5      | Bought a scroll of identify for 6 gold pieces
  5026 | D:5      | Bought a scroll of identify for 6 gold pieces
  5026 | D:5      | Bought a scroll of identify for 6 gold pieces
  5146 | D:5      | Found a runed translucent door.
  5147 | D:5      | Noticed Crazy Yiuf
  5152 | D:5      | Killed Crazy Yiuf
  5228 | D:5      | Noticed Prince Ribbit
  5237 | D:5      | Killed Prince Ribbit
  5238 | D:5      | Reached skill level 7 in Unarmed Combat
  5238 | D:5      | Reached XP level 8. HP: 78/78 MP: 7/7
  5327 | D:5      | Noticed Sigmund
  5332 | D:5      | Killed Sigmund
  5806 | D:6      | Reached skill level 8 in Unarmed Combat
  5822 | D:6      | Killed by an exploding jelly... ignited by their inner
                  | flame

Illustrated notes

Levels and vault maps discovered:
D:1:      dpeg_arrival_boxes_within_box, layout_loops_corners
D:2:      layout_basic, minmay_randomly_rotated_circles, uniq_jessica
D:3:      cheibrodos_old_hovel, layout_basic
D:4:      layout_loops_corners, lemuel_doored_altar, ebering_ghost_gozag,
          nicolae_elemental_shop
D:5:      layout_loops_ring, nicolae_shop_clearance, uniq_crazy_yiuf_cottage,
          uniq_prince_ribbit1, uniq_sigmund
D:6:      layout_cave_pools, minmay_temple_entry_butterflies

Skill      XL: |  1  2  3  4  5  6  7  8 |
---------------+-------------------------+-----
Maces & Flails | 3 |  3.1
Unarmed Combat | 1 2 3 5 7 8 |  8.1
Dodging        | 3 4 |  4.6
Fighting       | 3 4 |  4.3
Stealth        | |  0.2

Action                     |  1- 3 |  4- 6 |  7- 9 || total
---------------------------+-------+-------+-------++-------
  Melee: Unarmed           |    89 |   130 |    74 ||   293
         Punch             |     1 |     4 |     5 ||    10
 Invoke: Berserk           |     1 |     2 |     5 ||     8
    Use: Potion            |       |     5 |     2 ||     7
         Scroll            |       |     6 |     2 ||     8
 Armour: Animal skin       |    80 |    75 |    25 ||   180
         Robe              |       |       |    28 ||    28
  Dodge: Dodged            |    74 |    70 |    32 ||   176

Table legend: (Time is in decaauts)
 A = Elapsed time spent in this place.
 B = Non-inter-level travel time spent in this place.
 C = Inter-level travel time spent in this place.
 D = Time resting spent in this place.
 E = Time spent auto-exploring this place.
 F = Levels seen in this place.
 G = Mean time per level.
                   A        B        C        D        E       F      G
               +--------+--------+--------+--------+--------+-----+--------+
         Total |   5867 |   5817 |     50 |    130 |    708 |   6 |  977.8 |
       Dungeon |   5867 |   5817 |     50 |    130 |    708 |   6 |  977.8 |
               +--------+--------+--------+--------+--------+-----+--------+

Top non-repeatable levels by time:
     D:4: 1375 daAuts
     D:2: 1280 daAuts
     D:1: 1208 daAuts
     D:3: 1050 daAuts
     D:5: 920 daAuts
     D:6: 32 daAuts
